 Dungeon Crawl Stone Soup version 0.28-a0-816-gb054d885db (webtiles) character file.

Game seed: 2462611093323820217

177 Crownlay the Chopper (level 5, 0/45 HPs)
             Began as a Hill Orc Fighter on Nov 8, 2021.
             Slain by Grinder (5 damage)
             ... on level 4 of the Dungeon.
             The game lasted 00:03:13 (2865 turns).

Crownlay the Chopper (Hill Orc Fighter)             Turns: 2865, Time: 00:03:13

Health: 0/45       AC: 10    Str: 20    XL:     5   Next: 57%
Magic:  5/5        EV:  9    Int:  8    God:
Gold:   167        SH:  4    Dex: 10    Spells: 4/4 levels left

rFire   . . .      SeeInvis +   a - +0 war axe
rCold   . . .      Faith    .   c - +0 buckler
rNeg    . . .      Spirit   .   b - +0 scale mail
rPois   .          Reflect  .   (no helmet)
rElec   .          Harm     .   (no cloak)
rCorr   .          Rampage  .   (no gloves)
Will    .....                   (no boots)
Stlth   ..........              (no amulet)
HPRegen 0.15/turn               n - ring of see invisible
MPRegen 0.09/turn               q - +4 ring of protection

@: no status effects
A: no striking features
a: no special abilities


You were on level 4 of the Dungeon.
You visited 1 branch of the dungeon, and saw 4 of its levels.

You collected 167 gold pieces.

Inventory:

Hand Weapons
 a - a +0 war axe (weapon)
Missiles
 e - 2 javelins (quivered)
Armour
 b - a +0 scale mail (worn)
 c - a +0 buckler (worn)
Jewellery
 j - a ring of poison resistance
 n - a ring of see invisible (left hand)
 q - a +4 ring of protection (right hand)
Scrolls
 g - a scroll of summoning {unknown}
 h - a scroll of noise {unknown}
 i - 2 scrolls of fear {unknown}
 k - a scroll of teleportation {unknown}
 l - a scroll of silence {unknown}
 s - a scroll of enchant weapon {unknown}
Potions
 d - 2 potions of might
 f - a potion of ambrosia {unknown}
 m - a potion of mutation {unknown}
 o - 3 potions of curing {unknown}
 p - a potion of degeneration {unknown}
 r - 2 potions of haste {unknown}


   Skills:
 - Level 3.6 Fighting
 * Level 6.9 Axes
 - Level 3.2 Armour
 - Level 4.0 Shields


You had 4 spell levels left.
You didn't know any spells.
Your spell library contained the following spells:

 Spells                   Type           Power      Damage    Failure   Level
 Magic Dart               Conj           0%         1d3       77%         1
 Call Imp                 Summ           0%         N/A       88%         2
 Mephitic Cloud           Conj/Pois/Air  0%         N/A       98%         3


Dungeon Overview and Level Annotations

Branches:
Dungeon (4/15)
 Temple: D:4-7

Altars:
Gozag

Annotations:
D:4 Grinder


Message History

Grinder hits you but does no damage. x2
Grinder gestures at you. Pain shoots through your body!
You can move again.
Unknown command.
You closely miss Grinder.
Grinder is moderately wounded.
Grinder barely misses you. Grinder hits you but does no damage.
You slash Grinder!
Grinder is severely wounded.
Grinder hits you but does no damage.
You hit Grinder.
Grinder is severely wounded.
Grinder gestures at you. You resist with significant effort.
You closely miss Grinder.
Grinder is severely wounded.
Grinder hits you.
* * * LOW HITPOINT WARNING * * *
You writhe in agony.
* * * LOW HITPOINT WARNING * * *
You hit Grinder but do no damage.
Grinder is severely wounded.
You block Grinder's attack.
You barely miss Grinder.
Grinder is severely wounded.
You block Grinder's attack. Grinder gestures at you.
Pain shoots through your body!
* * * LOW HITPOINT WARNING * * *
You slash Grinder!
Grinder is almost dead.
Grinder gestures at you. You resist with significant effort.
You closely miss Grinder.
Grinder is almost dead.
Grinder hits you.
* * * LOW HITPOINT WARNING * * *
You writhe in agony.
You die...

...... #.!..###
##......#### #
...........# .##
########.....####..#
....................
#######..............
#...###......5.......
#..........@.......
##.#...##.....:....
#.###.............
#...###...#.......
#..#.).###............
#.####..†########## ..
#.. ###...'.### .. #.#
#.# ##.##...### .##.#
.. #..#..#.†.### ..#.#


You could see Grinder.

Vanquished Creatures
  A centaur skeleton (D:4)
  Natasha (D:4)
  3 gnolls (D:3)
  2 adders (D:2)
  2 dart slugs
  3 orcs
  3 bats
  4 endoplasms
  4 giant cockroaches
  7 goblins
  9 hobgoblins
  9 kobolds
  2 quokkas
  7 ball pythons
  4 frilled lizards
  3 rats
64 creatures vanquished.

Notes
Turn   | Place    | Note
-------+----------+-------------------------------------------
     0 | D:1      | Crownlay the Hill Orc Fighter began the quest for the Orb.
     0 | D:1      | Reached XP level 1. HP: 19/19 MP: 1/1
    38 | D:1      | Reached skill level 3 in Axes
   112 | D:1      | Reached XP level 2. HP: 23/26 MP: 2/2
   374 | D:1      | Reached skill level 4 in Axes
   442 | D:1      | Reached XP level 3. HP: 21/31 MP: 3/3
   953 | D:2      | Found an opulent altar of Gozag.
  1548 | D:2      | Reached XP level 4. HP: 39/39 MP: 4/4
  1666 | D:2      | Reached skill level 5 in Axes
  1780 | D:2      | Found a faded altar of an unknown god.
  2293 | D:3      | Reached skill level 6 in Axes
  2463 | D:3      | Reached XP level 5. HP: 38/45 MP: 5/5
  2796 | D:4      | Noticed Natasha
  2803 | D:4      | Killed Natasha
  2832 | D:4      | Noticed Grinder
  2843 | D:4      | Paralysed by Grinder for 4 turns
  2851 | D:4      | Paralysed by Grinder for 7 turns
  2865 | D:4      | Slain by Grinder

Illustrated notes

Levels and vault maps discovered:
D:1:      mrwooster_arrival_statue_3, layout_loops_cross
D:2:      kennysheep_six_static_rooms, layout_basic, basic_altar,
          shapermc_ecumenical_altar_venn
D:3:      layout_rooms, grunt_decor_junction, nrook_mini_backslash,
          grunt_ministairs_8, dk_noncrumbling_3, roderic_nine_men_s_morris
D:4:      minmay_skewed_foursquare, layout_basic, lemuel_tele_altar,
          gammafunk_temple_overflow_forgotten, portal_sewer_entry_d,
          uniq_natasha, uniq_grinder

Skill      XL: |  1  2  3  4 |
---------------+-------------+-----
Axes           | 3 4 6 |  6.9
Shields        | 4 |  4.0
Fighting       | |  3.6
Armour         | |  3.2

Action                   |  1- 3 |  4- 6 || total
-------------------------+-------+-------++-------
Melee: War axe           |   109 |    93 ||   202
Armor: Scale mail        |    58 |    35 ||    93
Dodge: Dodged            |    44 |    37 ||    81
Block: Buckler           |    31 |    16 ||    47

Table legend: (Time is in decaauts)
 A = Elapsed time spent in this place.
 B = Non-inter-level travel time spent in this place.
 C = Inter-level travel time spent in this place.
 D = Time resting spent in this place.
 E = Time spent auto-exploring this place.
 F = Levels seen in this place.
 G = Mean time per level.
                   A        B        C        D        E       F      G
               +--------+--------+--------+--------+--------+-----+--------+
         Total |   2915 |   2850 |     65 |      0 |   2347 |   4 |  728.8 |
       Dungeon |   2915 |   2850 |     65 |      0 |   2347 |   4 |  728.8 |
               +--------+--------+--------+--------+--------+-----+--------+

Top non-repeatable levels by time:
     D:1: 971 daAuts
     D:2: 894 daAuts
     D:3: 864 daAuts
     D:4: 184 daAuts
